 Dungeon Crawl Stone Soup version 0.26-a0-651-gb41185065b (webtiles) character file.

Game seed: 2749290237967177626

32 Irenicus the Chopper (level 3, 0/32 HPs)
             Began as a Deep Dwarf Gladiator on Oct 3, 2020.
             Slain by Natasha (5 damage)
             ... on level 2 of the Dungeon.
             The game lasted 00:02:58 (419 turns).

Irenicus the Chopper (Deep Dwarf Gladiator)          Turns: 419, Time: 00:02:58

Health: 0/32       AC:  6    Str: 17    XL:     3   Next: 10%
Magic:  3/3        EV: 12    Int:  8    God:
Gold:   14         SH:  0    Dex: 15    Spells: 2/2 levels left

rFire    . . .     SeeInvis .   f - +0 hand axe
rCold    . . .     Faith    .   (no shield)
rNeg     . . .     Spirit   .   i - +0 ring mail
rPois    .         Reflect  .   c - +0 helmet
rElec    .         Harm     .   (no cloak)
rCorr    .         Rampage  .   (no gloves)
MR       .....                  (no boots)
Stlth    +.........             (no amulet)
HPRegen  0.00/turn              (no ring)
MPRegen  0.08/turn              (no ring)

@: non-regenerating, slowed, very slow
A: damage resistance, heal wounds, sense surroundings 1, no regeneration
a: Heal Wounds


You were on level 2 of the Dungeon.
You visited 1 branch of the dungeon, and saw 2 of its levels.

You collected 14 gold pieces.

Inventory:

Hand Weapons
 a - a +0 war axe
 f - a +0 hand axe (weapon)
   (You found it on level 1 of the Dungeon)
Missiles
 d - 2 throwing nets (quivered) {=f, !d}
Armour
 c - a +0 helmet (worn)
 i - a +0 ring mail (worn)
   (You found it on level 2 of the Dungeon)
Scrolls
 e - a scroll of teleportation {unknown}
 g - a scroll of fog {unknown}
 h - a scroll of magic mapping {unknown}


   Skills:
 - Level 1.7 Fighting
 + Level 4.7 Axes
 - Level 1.7 Throwing
 - Level 3.2 Dodging


You had 2 spell levels left.
You didn't know any spells.
Your spell library was empty.

Dungeon Overview and Level Annotations

Branches:
Dungeon (2/15)

Altars:

Annotations:
D:2 Natasha


Innate Abilities, Weirdness & Mutations

You are resistant to damage.
You can heal yourself by infusing magical energy.
You passively map a small area around you.
You do not regenerate.


Message History

You take 1 damage, and have 13/32 hp.
You hit Natasha but do no damage.
Natasha is moderately wounded.
Natasha completely misses you.
You aren't carrying any potions.
You aren't carrying any items that you can evoke.
Unknown command.
Drop what? 8/52 slots (_ for help) (? for menu, Esc to quit)
Drop what? 8/52 slots (_ for help) (? for menu, Esc to quit)
Okay, then.
Unknown command.
Unknown command.
Firing (i - inventory) No suitable missiles.
Press: ? - help, Shift-Dir - straight line, f - Natasha
Aim: Natasha (moderately wounded)
Okay, then.
Quiver which item? (- for none, * to show all) (? for menu, Esc to quit)
Quivering
d - 3 throwing nets {=f, !d} for throwing.
Throwing (i - inventory)
d - 3 throwing nets (quivered)
{=f, !d}
Press: ? - help, Shift-Dir - straight line, f/p - Natasha
Aim: Natasha (moderately wounded)
You throw a throwing net {=f, !d}. The throwing net {=f, !d} hits Natasha.
Natasha is caught in the net!
Natasha is moderately wounded.
Natasha howls an incantation.
Natasha's front paws start to glow.
Natasha struggles against the net. x2
You strike the helpless Natasha from behind!
You hit Natasha.
Natasha is moderately wounded.
Natasha stares at you and mumbles some strange words.
You feel as though you will be slow longer.
Natasha struggles against the net.
You catch the helpless Natasha completely off-guard!
You slash Natasha!
Natasha is almost dead.
Natasha stares at you and mumbles some strange words.
You resist with some effort.
Natasha struggles against the net.
You hit Natasha but do no damage.
Natasha is almost dead.
Natasha casts a spell.
Natasha struggles against the net.
The net rips apart, and Natasha comes free!
You completely miss Natasha.
Natasha is almost dead.
You hit the crimson imp. Natasha closely misses you.
The crimson imp hits you but does no damage.
You hit Natasha but do no damage.
Natasha is almost dead.
You hit the crimson imp.
Natasha wildly gestures.
Natasha glows brightly for a moment.
Natasha claws you. The crimson imp barely misses you.
Natasha casts a spell at you.
You feel as though you will be slow longer.
The crimson imp closely misses you.
You hit Natasha but do no damage.
Natasha is almost dead.
Your ring mail prevents you from hitting the crimson imp.
Natasha stares at you and mumbles some strange words.
You feel as though you will be slow longer.
The crimson imp hits you.
You hit Natasha.
Natasha is almost dead.
You hit the crimson imp but do no damage.
Natasha claws you but does no damage. The crimson imp closely misses you.
Natasha barely misses you. The crimson imp hits you.
You hit Natasha but do no damage.
Natasha is almost dead.
You hit the crimson imp.
Natasha stares at you and mumbles some strange words.
You resist with some effort.
The crimson imp hits you but does no damage.
Natasha claws you.
The crimson imp hits you but does no damage.
You take 2 damage, and have 11/32 hp.
You closely miss Natasha.
Natasha is almost dead.
You hit the crimson imp. Natasha misses you. The crimson imp barely misses you.
You barely miss Natasha.
Natasha is almost dead.
You closely miss the crimson imp.
Natasha wildly gestures.
Natasha's front paws start to glow.
Natasha closely misses you.
The crimson imp hits you but does no damage.
Natasha stares at you and mumbles some strange words.
The magic dart hits you. The crimson imp closely misses you.
You take 1 damage, and have 10/32 hp.
You closely miss Natasha.
Natasha is almost dead.
You closely miss the crimson imp.
Natasha stares at you and mumbles some strange words.
The magic dart hits you. The crimson imp misses you.
You hit Natasha but do no damage.
Natasha is almost dead.
You hit the crimson imp. Natasha claws you!
* * * LOW HITPOINT WARNING * * *
The crimson imp misses you. Natasha claws you!
You die...

###># #.....).....
#...#########).#.#.#
#......# #.#...##
#.).♣..######.##$...
##.♣_♣.........,....
#..♣..#####... ...
#.....# #..## ##.
#..#### #..# . #.@#
#..# #.h5...# , *
#.####.# #.* * ,, ,
#. * #. *** * #.,, ,
## * ,,


You could see Natasha and a crimson imp (summoned).

Vanquished Creatures
  A dart slug (D:1)
  A leopard gecko (D:1)
  A giant cockroach (D:1)
  3 goblins
  5 hobgoblins
  4 jackals (D:1)
  4 bats
  A frilled lizard (D:1)
  4 kobolds (D:1)
  3 rats (D:1)
27 creatures vanquished.

Notes
Turn   | Place    | Note
-------+----------+-------------------------------------------
     0 | D:1      | Irenicus the Deep Dwarf Gladiator began the quest for the
                  | Orb.
     0 | D:1      | Reached XP level 1. HP: 19/19 MP: 1/1
   199 | D:1      | Reached skill level 4 in Axes
   199 | D:1      | Reached XP level 2. HP: 24/26 MP: 2/2
   350 | D:2      | Reached XP level 3. HP: 14/32 MP: 3/3
   385 | D:2      | Found a faded altar of an unknown god.
   401 | D:2      | Noticed Natasha
   419 | D:2      | HP: 5/32 [Natasha (5)]
   419 | D:2      | Slain by Natasha

Illustrated notes

Levels and vault maps discovered:
D:1:      lemuel_arrival_rhombus, layout_loops_ring,
          kennysheep_decorative_pillar, minmay_heptomino_o4
D:2:      layout_loops_ring, chequers_ecumenical_altar_simple, uniq_natasha,
          uniq_crazy_yiuf_cottage

Skill      XL: |  1 |
---------------+----+-----
Axes           | 4 |  4.7
Fighting       | |  1.7
Throwing       | |  1.7
Dodging        | |  3.2

Action                   || total
-------------------------++-------
Melee: Hand axe          ||    77
       War axe           ||     5
Throw: Throwing net      ||     1
 Stab: Held in net/web   ||     2
Armor: Leather armour    ||    21
       Ring mail         ||    12
Dodge: Dodged            ||    82

Table legend: (Time is in decaauts)
 A = Elapsed time spent in this place.
 B = Non-inter-level travel time spent in this place.
 C = Inter-level travel time spent in this place.
 D = Time resting spent in this place.
 E = Time spent auto-exploring this place.
 F = Levels seen in this place.
 G = Mean time per level.
                   A        B        C        D        E       F      G
               +--------+--------+--------+--------+--------+-----+--------+
         Total |    435 |    418 |     17 |      0 |      0 |   2 |  217.5 |
       Dungeon |    435 |    418 |     17 |      0 |      0 |   2 |  217.5 |
               +--------+--------+--------+--------+--------+-----+--------+

Top non-repeatable levels by time:
     D:1: 342 daAuts
     D:2: 93 daAuts

Table legend:
 A = Kills in this place as a percentage of kills in entire the game.
 B = Kills by you in this place as a percentage of kills by you in the entire game.
 C = Kills by friends in this place as a percentage of kills by friends in the entire game.
 D = Other kills in this place as a percentage of other kills in the entire game.
 E = Experience gained in this place as a percentage of experience gained in the entire game.
 F = Experience gained in this place divided by the number of levels of this place that you have seen.
                   A       B       C       D       E      F
               +-------+-------+-------+-------+-------+----------------------
         Total | 100.0 | 100.0 |   N/A |   N/A | 100.0 |  23.5
       Dungeon | 100.0 | 100.0 |   N/A |   N/A | 100.0 |  23.5
               +-------+-------+-------+-------+-------+----------------------
